 Dungeon Crawl Stone Soup version 0.28-b1-70-g80dc712255 (webtiles) character file.

Game seed: 18346554293620836037

6113 GrayStillPlays the Blocker (level 10, -1/93 HPs)
             Began as a Minotaur Fighter on Feb 4, 2022.
             Was an Initiate of Gozag.
             Slain by Erolcha (32 damage)
             ... on level 9 of the Dungeon.
             The game lasted 01:02:43 (11931 turns).

GrayStillPlays the Blocker (Minotaur Fighter)      Turns: 11931, Time: 01:02:44

Health: -1/93      AC: 11    Str: 30    XL:     10   Next: 58%
Magic:  9/9        EV: 10    Int: 13    God:    Gozag
Gold:   509        SH:  6    Dex:  9    Spells: 9/9 levels left

rFire   . . .      SeeInvis .   N - +7 mace "Rassuawe" {vorpal, Int+6, mace}
rCold   + . .      Faith    .   c - +0 buckler
rNeg    . . .      Spirit   .   Z - +1 scale mail of Mysticism {Rampage Will+ Str+4 Int+2}
rPois   .          Reflect  .   (helmet restricted)
rElec   .          Harm     .   (no cloak)
rCorr   +          Rampage  +   q - +0 pair of gloves
Will    +....                   (no boots)
Stlth   ..........              (no amulet)
HPRegen 0.25/turn               I - ring of protection from cold
MPRegen 0.11/turn               r - ring of resist corrosion

@: no status effects
A: horns 2, retaliatory headbutt
a: Renounce Religion, Potion Petition, Call Merchant, Bribe Branch


You were on level 9 of the Dungeon.
You worshipped Gozag.
Gozag was pleased with you.
You visited 2 branches of the dungeon, and saw 10 of its levels.
You also visited: Ossuary.

You collected 1087 gold pieces.
You paid 578 gold pieces to Gozag.


Innate Abilities, Weirdness & Mutations

You have a pair of horns on your head.
You reflexively headbutt those who attack you in melee.


   Skills:
 + Level 10.0 Fighting
 - Level 5.1(7.2) Axes
 + Level 7.8(8.5) Maces & Flails
 + Level 10.0 Armour
 + Level 10.0 Shields
 - Level 4.0 Evocations


You had 9 spell levels left.
You didn't know any spells.
Your spell library contained the following spells:

 Spells                   Type           Power      Damage    Failure   Level
 Dazzling Flash           Conj/Hex       0%         N/A       90%         3
 Agony                    Necr           0%         N/A       100%        5
 Silence                  Hex/Air        0%         N/A       100%        5

Inventory:

Hand Weapons
 a - a +1 war axe {axe}
 F - a +2 vampiric halberd {polearm}
   (You took it off a gnoll on level 3 of the Dungeon)
 G - a +0 hunting sling {sling}
   (You found it on level 3 of the Dungeon)
 H - a +2 halberd of venom {polearm}
   (You took it off a gnoll on level 4 of the Dungeon)
 J - a +4 flail of protection {mace}
   (You took it off Edmund on level 5 of the Dungeon)
 N - the +7 mace "Rassuawe" (weapon) {vorpal, Int+6, mace}
   (You found it on level 6 of the Dungeon)

   It inflicts extra damage upon your enemies.
   Int:       It affects your intelligence (+6).
 T - the +5 shortbow "Jecameq" {freeze, rF- rCorr Int+9, bow}
   (You found it on level 6 of the Dungeon)

   Any ammunition fired from it freezes those it strikes, dealing additional
   cold damage.
   It can also slow down cold-blooded creatures.
   Int:       It affects your intelligence (+9).
   rF:        It makes you vulnerable to fire.
   rCorr:     It protects you from acid and corrosion.
Missiles
 f - 5 throwing nets (quivered) {=f!fthrowing}
 k - 8 bolts
 y - 19 stones {throwing}
 D - 64 arrows
 R - 10 poisoned darts {throwing}
Armour
 c - a +0 buckler (worn)
 q - a +0 pair of gloves (worn)
   (You found it on level 3 of the Dungeon)
 M - a +0 plate armour
   (You found it on level 5 of the Dungeon)
 Z - the +1 scale mail of Mysticism (worn) {Rampage Will+ Str+4 Int+2}
   (You found it on level 8 of the Dungeon)

   Str:       It affects your strength (+4).
   Int:       It affects your intelligence (+2).
   Rampage:   It bestows one free step when moving towards enemies.
   Will:      It increases your willpower.
Magical Staves
 A - a staff of air {!astaff}
   (You found it on level 4 of the Dungeon)
 B - a staff of fire {!astaff}
   (You found it on level 4 of the Dungeon)
Jewellery
 r - a ring of resist corrosion (right hand)
   (You found it on level 4 of the Dungeon)
 I - a ring of protection from cold (left hand)
   (You found it on level 5 of the Dungeon)
 W - a +6 ring of dexterity
   (You found it on level 7 of the Dungeon)
Wands
 d - a wand of charming (2)
   (You took it off Psyche on level 8 of the Dungeon)
 o - a wand of polymorph (8)
   (You took it off a kobold on level 3 of the Dungeon)
 L - a wand of paralysis (14)
   (You found it on level 5 of the Dungeon)
Scrolls
 g - a scroll of blinking {!r}
 h - a scroll of magic mapping {unknown}
 i - a scroll of enchant weapon
 l - 4 scrolls of teleportation {@r4}
 n - 2 scrolls of holy word
 s - 3 scrolls of vulnerability {!r!r}
 u - a scroll of enchant armour {unknown}
 v - a scroll of fog {unknown}
 E - a scroll of brand weapon {unknown}
 K - 2 scrolls of silence {unknown}
 O - a scroll of amnesia {unknown}
 P - 4 scrolls of immolation {!r!r}
 V - a scroll of noise {unknown}
 X - a scroll of summoning {unknown}
Potions
 e - a potion of mutation {unknown}
 j - 3 potions of ambrosia
 m - 2 potions of flight {unknown}
 p - a potion of curing {unknown}
 t - 2 potions of brilliance {unknown}
 w - a potion of cancellation {unknown}
 x - 3 potions of lignification {unknown}
 z - a potion of heal wounds {unknown}
 S - a potion of magic {unknown}
 Y - a potion of attraction {unknown}

Dungeon Overview and Level Annotations

Branches:
Dungeon (9/15)             Temple (1/1) D:6         Ossuary (visited)
   Lair: D:8-11         Orc: D:9-12

Altars:
Ashenzari
Cheibriados
Dithmenos
Elyvilon
Fedhas
Gozag
Hepliaklqana
Kikubaaqudgha
Makhleb
Nemelex Xobeh
Okawaru
Qazlal
Ru
Sif Muna
Trog
Uskayaw
Vehumet
Wu Jian
Xom
Yredelemnul
Zin
The Shining One

Annotations:
D:4 1 runed translucent door, Crazy Yiuf
D:5 2 runed translucent doors, vvl's ghost, amateur DrVM
D:9 Erolcha

# ###.# .#
......############
..
........##@......#
##.
......#..#{......#
#.. .....
##.'.......### #..
.O.. ###.......'.#
#.. ...
#.......#.######..
##
#.......#.........
###
#.......########..
#.. ###+##### ###
#.# #. ##.


There were no monsters in sight!


Message History

Done exploring.
Done exploring.
There is a stone staircase leading down here.
You can't go up here!
You climb downwards.
There is a stone staircase leading up here.
There is an open door here.
Things that are here:
a +0 club {mace}; a +0 ring mail; a +6 spear of venom {polearm}
f - 5 throwing nets {=f!fthrowing} (gained 1)
You see here a +0 spear {polearm}.
k - 8 bolts
Found a stone staircase leading down.
There is an open door here.
y - 19 stones {throwing}
There is a stone staircase leading down here.
You open the door.
A two-headed ogre comes into view.
It is wielding a +0 giant spiked club and a +0 giant club.
The two-headed ogre shouts in stereo!
Aiming: Paralyse
Press: ? - help, Q - select action, (/) - cycle Shift-Dir - straight line, f - two-headed ogre
Aim: a two-headed ogre, wielding a +0 giant spiked club and a +0 giant club (chance to affect: 41%)
The two-headed ogre resists with some effort.
Aiming: Paralyse
Press: ? - help, Q - select action, (/) - cycle Shift-Dir - straight line, f/p - two-headed ogre
Aim: a two-headed ogre, wielding a +0 giant spiked club and a +0 giant club (chance to affect: 41%)
The two-headed ogre resists with some effort.
You bludgeon the two-headed ogre!! You headbutt the two-headed ogre!
The two-headed ogre hits you with a +0 giant spiked club!!
The two-headed ogre closely misses you. 😕 HP[-18]
You take 18 damage, and now have 74/92 hp.
You bludgeon the two-headed ogre!!
You kill the two-headed ogre!
Your Fighting skill increases to level 10!
Your Armour skill increases to level 10!
Your Shields skill increases to level 10! 😕 HP[+1]
You now have 93 max hp (+1).
You now have 491 gold pieces (gained 13).
There is an open door, spattered with blood here.
Things that are here:
a +0 giant spiked club {mace}; a +0 giant club {mace} 😕 HP[+1]
You start resting. 😎 HP[+17]
Your hp is fully restored (93).
There is an open door, spattered with blood here.
Things that are here:
a +0 giant spiked club {mace}; a +0 giant club {mace} You open the door.
There is an open door here.
You open the door.
Found 18 gold pieces and a scroll of vulnerability.
Found a stone staircase leading up.
There is an open door here.
s - 3 scrolls of vulnerability {!r!r} (gained 1)
You now have 509 gold pieces (gained 18).
You open the door.
There is an open door here.
Erolcha the Cunning comes into view.
She is wielding a +0 giant spiked club and wearing a +2 robe of the Archmagi.
Erolcha shouts!
Aiming: Paralyse
Press: ? - help, Q - select action, (/) - cycle Shift-Dir - straight line
Okay, then.
There is an open door here.
There is a stone staircase leading up here.
You start waiting.
Erolcha is nearby!
Erolcha mumbles some strange words.
Erolcha flickers and vanishes!
Deactivating autopickup; reactivate with Ctrl-A.
You hit something but do no damage. You headbutt something!
Something hits you! 😕 HP[-9]
You take 9 damage, and now have 84/93 hp.
You hit something. Something hits you!! 😮 HP[-30]
You take 30 damage, and now have 54/93 hp.
MASSIVE DAMAGE!! (PAUSE)
You hit something. You headbutt something. Something hits you!
* * * LOW HITPOINT WARNING * * *
😨 HP[-11]
You take 11 damage, and now have 43/93 hp.
You hit something. Your headbutt misses something. Something hits you!
* * * LOW HITPOINT WARNING * * *
😨 HP[-13]
You take 13 damage, and now have 30/93 hp.
There is a stone staircase leading up here.
Aiming: Iceblast
Press: ? - help, Q - select action, (/) - cycle Shift-Dir - straight line The mass of ice explodes!
The iceblast engulfs something!
Something completely misses you. 😨 HP[+1]
Aiming: Iceblast
Press: ? - help, Q - select action, (/) - cycle Shift-Dir - straight line The mass of ice explodes!
The iceblast engulfs something.
The now-empty wand crumbles to dust.
Something hits you!!
You die...
Your body crumbles into a pile of gold.

Skill      XL: |  1  2  3  4  5  6  7  8  9 10 |
---------------+-------------------------------+-----
Shields        | 4 5 6 7 9 10 | 10.0
Fighting       | 4 5 6 7 9 10 | 10.0
Armour         | 4 5 6 7 9 10 | 10.0
Axes           | 3 4 5 |  5.1
Evocations     | 1 2 3 4 |  4.0
Maces & Flails | 1 4 6 7 |  7.8

Action                   |  1- 3 |  4- 6 |  7- 9 | 10-12 || total
-------------------------+-------+-------+-------+-------++-------
Melee: War axe           |    86 |   172 |    25 |       ||   283
       Headbutt          |    12 |    29 |    46 |    18 ||   105
       Flail             |       |       |    25 |       ||    25
       Mace              |       |       |   180 |    92 ||   272
Throw: Stone             |       |       |     4 |       ||     4
Invok: Potion Petition   |       |       |     1 |       ||     1
Evoke: Wand              |       |     5 |     5 |     7 ||    17
  Use: Scroll            |       |     5 |     1 |     2 ||     8
       Potion            |       |       |     4 |       ||     4
 Stab: Paralysed         |       |       |       |     1 ||     1
Armor: Scale mail        |    40 |    43 |       |     9 ||    92
       Chain mail        |       |    25 |    53 |       ||    78
       Plate armour      |       |       |   123 |     5 ||   128
       Skin              |       |       |     8 |       ||     8
Dodge: Dodged            |    31 |    54 |    87 |    21 ||   193
Block: Buckler           |    20 |    24 |    67 |    15 ||   126

Levels and vault maps discovered:
D:1:      nzn_arrival_depleted_hourglass, layout_rooms,
          minmay_misc_feat_hallway, nrook_mini_backslash, serial_bayou_lake_a
D:2:      layout_loops_ring, hellmonk_ecumenical_altar_watching_god,
          chequers_jeans, chequers_arboretum
D:3:      layout_basic, uniq_grinder
D:4:      layout_rooms, gup_ossuary_entry_pyramid, uniq_crazy_yiuf_cottage
D:5:      layout_basic, minmay_overflow_temple_star_quad, marbit_many_paths,
          ebering_ghost_sewer_f, uniq_edmund
D:6:      layout_rooms, minmay_temple_entry_offerings, uniq_blork_the_orc
D:7:      layout_basic
D:8:      layout_basic, special_room [special_room_orc], uniq_psyche,
          uniq_harold
D:9:      layout_roguey, lair_entry_dummy, uniq_erolcha
Temple:   dpeg_five_rooms_temple

Notes
Turn   | Place    | Note
-------+----------+-------------------------------------------
     0 | D:1      | GrayStillPlays the Minotaur Fighter began the quest for the
                  | Orb.
     0 | D:1      | Reached XP level 1. HP: 19/19 MP: 0/0
     0 | D:1      | magus.rc [v1.9.6]
   393 | D:1      | Reached XP level 2. HP: 27/27 MP: 1/1
   713 | D:1      | Reached skill level 4 in Shields
   761 | D:1      | Reached skill level 4 in Fighting
   999 | D:2      | Reached skill level 4 in Armour
  1017 | D:2      | Noticed a great orb of eyes
  1019 | D:2      | Found a faded altar of an unknown god.
  1021 | D:2      | Noticed a floating eye
  1026 | D:2      | Noticed an eye of devastation
  1026 | D:2      | Noticed a golden eye
  1207 | D:2      | Reached skill level 3 in Axes
  1207 | D:2      | Reached XP level 3. HP: 31/33 MP: 2/2
  1929 | D:3      | Noticed Grinder
  1940 | D:3      | Paralysed by Grinder for 3 turns
  1996 | D:4      | Found a sand-covered staircase.
  2003 | D:4      | Reached XP level 4. HP: 23/40 MP: 3/3
  2007 | Ossuary  | Entered an ossuary
  3364 | D:4      | Reached XP level 5. HP: 47/47 MP: 4/4
  3739 | D:4      | Reached skill level 4 in Axes
  3754 | D:4      | Reached skill level 5 in Shields
  4108 | D:3      | HP: 10/47 [Grinder (5)]
  4110 | D:3      | Killed Grinder
  4111 | D:3      | Reached skill level 5 in Fighting
  4111 | D:3      | Reached skill level 5 in Armour
  4111 | D:3      | Reached skill level 1 in Evocations
  4111 | D:3      | Reached XP level 6. HP: 13/56 MP: 5/5
  5344 | D:4      | Found a runed translucent door.
  5345 | D:4      | Noticed Crazy Yiuf
  5598 | D:5      | Entered Level 5 of the Dungeon
  5676 | D:5      | Reached XP level 7. HP: 61/61 MP: 6/6
  5825 | D:5      | Noticed Edmund
  5910 | D:4      | Reached skill level 5 in Axes
  5980 | D:5      | Killed Edmund
  5981 | D:5      | Reached skill level 6 in Fighting
  5981 | D:5      | Reached skill level 6 in Shields
  5981 | D:5      | Reached skill level 2 in Evocations
  6135 | D:5      | Reached skill level 1 in Maces & Flails
  6135 | D:5      | Reached skill level 6 in Armour
  6385 | D:5      | Reached XP level 8. HP: 71/71 MP: 7/7
  6389 | D:5      | Found a burning altar of Makhleb.
  6397 | D:5      | Found a broken altar of Ashenzari.
  6417 | D:5      | Found a hide-covered altar of Uskayaw.
  6485 | D:5      | Found a runed translucent door.
  6489 | D:5      | Noticed vvl's ghost (amateur DrVM)
  6512 | D:5      | Found a runed translucent door.
  6622 | D:5      | Found a basalt altar of Yredelemnul.
  6705 | D:6      | Identified the +7 mace "Rassuawe" {vorpal, Int+6}
  6803 | D:6      | You fall into a shaft and drop 3 floors!
  6806 | D:9      | Reached skill level 2 in Maces & Flails
  6949 | D:8      | Reached skill level 3 in Evocations
  6976 | D:8      | Reached skill level 3 in Maces & Flails
  7270 | D:7      | Reached skill level 7 in Shields
  7287 | D:7      | Reached skill level 7 in Fighting
  7287 | D:7      | Reached skill level 7 in Armour
  7407 | D:6      | Found a staircase to the Ecumenical Temple.
  7415 | Temple   | Entered the Ecumenical Temple
  7561 | Temple   | Became a worshipper of Gozag Ym Sagoz the Greedy
  7819 | D:6      | You pick up a book of the Senses and begin reading...
  7819 | D:6      | You add the spells Dazzling Flash, Agony and Silence to
                  | your library.
  7837 | D:6      | Identified the +5 shortbow "Jecameq" {freeze, rF- rCorr
                  | Int+9}
  7868 | D:6      | Reached skill level 4 in Maces & Flails
  7903 | D:6      | Reached XP level 9. HP: 77/79 MP: 8/8
  8001 | D:6      | Reached skill level 4 in Evocations
  8126 | D:6      | Noticed Blork the orc
  8135 | D:6      | Killed Blork the orc
  8901 | D:7      | Reached skill level 8 in Fighting
  9123 | D:8      | Reached skill level 5 in Maces & Flails
  9123 | D:8      | Reached skill level 8 in Armour
  9123 | D:8      | Reached skill level 8 in Shields
  9375 | D:8      | Noticed Psyche
  9422 | D:8      | Reached skill level 6 in Maces & Flails
  9853 | D:8      | Killed Psyche
 10063 | D:8      | Noticed Harold
 10076 | D:8      | Killed Harold
 10077 | D:8      | Reached skill level 9 in Fighting
 10077 | D:8      | Reached skill level 9 in Armour
 10077 | D:8      | Reached skill level 9 in Shields
 10077 | D:8      | Reached XP level 10. HP: 61/91 MP: 9/9
 10281 | D:8      | HP: 19/91 [orc warrior (4)]
 10282 | D:8      | HP: 4/91 [orc warrior (16)]
 10813 | D:8      | Noticed a deep elf pyromancer
 10826 | D:8      | Killed a deep elf pyromancer
 10827 | D:8      | Reached skill level 7 in Maces & Flails
 10947 | D:8      | Identified the +1 scale mail of Mysticism {Rampage Will+
                  | Str+4 Int+2}
 11804 | D:9      | Noticed a two-headed ogre
 11808 | D:9      | Killed a two-headed ogre
 11809 | D:9      | Reached skill level 10 in Fighting
 11809 | D:9      | Reached skill level 10 in Armour
 11809 | D:9      | Reached skill level 10 in Shields
 11915 | D:9      | Identified a +2 robe of the Archmagi
 11915 | D:9      | Noticed Erolcha
 11931 | D:9      | Slain by Erolcha

Vanquished Creatures
  Harold (D:8)
  A two-headed ogre (D:9)
  A deep elf pyromancer (D:8)
  Psyche (D:8)
  Grinder (D:3)
  A wraith (D:8)
  Edmund (D:5)
  3 water moccasins
  5 orc warriors
  An ice beast (D:5)
  2 ogres
  A black bear (D:7)
  A phantom (Temple)
  A kobold brigand (D:6)
  Blork the orc (D:6)
  A bullfrog (D:6)
  2 gnoll sergeants
  2 wyvern zombies (D:7)
  A scorpion (D:5)
  5 killer bees (D:8)
  A water moccasin skeleton (D:6)
  10 wights
  2 centaur zombies
  2 bullfrog zombies (D:5)
  5 hounds
  4 orc priests
  2 jellies
  A bullfrog skeleton (D:5)
  4 orc wizards
  A killer bee zombie (D:8)
  2 mummies
  18 gnolls
  A howler monkey skeleton (D:4)
  5 adders
  2 shadow imps
  A white imp (D:7)
  2 ufetubi (D:5)
  2 worms
  36 orcs
  4 spectral bats (Ossuary)
  4 ball pythons
  3 endoplasms
  2 giant cockroaches
  5 goblins
  4 hobgoblins
  4 jackals (D:1)
  18 kobolds
  7 quokkas
  7 bats
  A frilled lizard (D:2)
  12 gnoll zombies (Ossuary)
  4 goblin simulacra (Ossuary)
  4 goblin zombies (Ossuary)
  3 hobgoblin zombies (Ossuary)
  5 kobold simulacra (Ossuary)
  6 kobold zombies (Ossuary)
  5 orc zombies (Ossuary)
  6 rats
  3 rat simulacra (Ossuary)
  4 spectral goblins (Ossuary)
  3 spectral kobolds (Ossuary)
  3 spectral rats (Ossuary)
251 creatures vanquished.

Vanquished Creatures (others)
  An orc (D:8)
  2 fungi (D:4)
  7 plants (D:1)
10 creatures vanquished.

Grand Total: 261 creatures vanquished

Table legend:
 A = Non-vault XP
 B = Vault XP
 C = Vault XP percentage of total XP
 D = Non-vault monster count
 E = Vault monster count
 F = Vault count percentage of total count
                 A         B        C        D         E       F
            +---------+---------+-------+---------+---------+-------
      Total |    6335 |    2399 |  27.5 |     163 |      89 |  35.3
            +---------+---------+-------+---------+---------+-------
        D:1 |      30 |       0 |   0.0 |      17 |       0 |   0.0
        D:2 |      20 |       0 |   0.0 |      13 |       0 |   0.0
        D:3 |      97 |     272 |  73.7 |      18 |       1 |   5.3
        D:4 |     200 |      18 |   8.3 |      15 |       1 |   6.2
        D:5 |     578 |     176 |  23.3 |      13 |       2 |  13.3
        D:6 |     427 |      96 |  18.4 |      16 |       1 |   5.9
        D:7 |     922 |       0 |   0.0 |      25 |       0 |   0.0
        D:8 |    2645 |    1746 |  39.8 |      29 |      27 |  48.2
        D:9 |    1120 |       0 |   0.0 |       8 |       0 |   0.0
     Temple |     296 |       0 |   0.0 |       9 |       0 |   0.0
    Ossuary |       0 |      91 | 100.0 |       0 |      57 | 100.0
            +---------+---------+-------+---------+---------+-------

Illustrated notes

Table legend:
 A = Kills in this place as a percentage of kills in entire the game.
 B = Kills by you in this place as a percentage of kills by you in the entire game.
 C = Kills by friends in this place as a percentage of kills by friends in the entire game.
 D = Other kills in this place as a percentage of other kills in the entire game.
 E = Experience gained in this place as a percentage of experience gained in the entire game.
 F = Experience gained in this place divided by the number of levels of this place that you have seen.
                   A       B       C       D       E      F
               +-------+-------+-------+-------+-------+----------------------
         Total | 100.0 | 100.0 |   N/A | 100.0 | 100.0 | 794.0
       Dungeon |  73.8 |  73.7 |   N/A | 100.0 |  95.6 | 927.4
        Temple |   3.6 |   3.6 |   N/A |   0.0 |   3.4 | 296.0
       Ossuary |  22.6 |  22.7 |   N/A |   0.0 |   1.0 |  91.0
               +-------+-------+-------+-------+-------+----------------------

Table legend: (Time is in decaauts)
 A = Elapsed time spent in this place.
 B = Non-inter-level travel time spent in this place.
 C = Inter-level travel time spent in this place.
 D = Time resting spent in this place.
 E = Time spent auto-exploring this place.
 F = Levels seen in this place.
 G = Mean time per level.
                   A        B        C        D        E       F      G
               +--------+--------+--------+--------+--------+-----+--------+
         Total |  12087 |  11596 |    491 |   3685 |   3119 |  11 | 1098.8 |
       Dungeon |  10361 |   9907 |    454 |   3233 |   2886 |   9 | 1151.2 |
        Temple |    397 |    360 |     37 |     47 |    213 |   1 |  397.0 |
       Ossuary |   1328 |   1328 |      0 |    405 |     20 |   1 | 1328.0 |
               +--------+--------+--------+--------+--------+-----+--------+

Top non-repeatable levels by time:
     D:8: 2064 daAuts
     D:3: 1374 daAuts
 Ossuary: 1328 daAuts
     D:4: 1281 daAuts
     D:5: 1125 daAuts
     D:7: 1103 daAuts
     D:9: 1099 daAuts
     D:1: 1050 daAuts
     D:2: 767 daAuts
     D:6: 493 daAuts
  Temple: 397 daAuts
